 Dungeon Crawl Stone Soup version 0.29.1-1-gd02db6906a (webtiles) character file.

Game seed: 12734699098765769124

781 Doomgape the Ruffian (level 7, 0/61 HPs)
             Began as a Troll Transmuter on Sept 16, 2022.
             Was an Initiate of Gozag.
             Killed by nerve-wracking pain
             ... invoked by Grinder
              (10 damage)
             ... while paralysed by Grinder
             ... on level 5 of the Dungeon.
             The game lasted 00:07:02 (2926 turns).

Doomgape the Ruffian (Troll Transmuter)             Turns: 2926, Time: 00:07:02

Health: 0/61       AC:  4    Str: 21    XL:     7   Next: 55%
Magic:  6/7        EV:  1    Int:  9    God:    Gozag
Gold:   267        SH:  0    Dex: 10    Spells: 3/8 levels left

rFire   + . .      SeeInvis .     - Unarmed
rCold   . . .      Faith    .   (no shield)
rNeg    . . .      Spirit   .   a - +0 robe
rPois   .          Reflect  .   (helmet currently unavailable)
rElec   .          Harm     .   (no cloak)
rCorr   .          Rampage  .   (gloves unavailable)
Will    .....                   (boots unavailable)
Stlth   +.........              l - amulet of regeneration
HPRegen 1.80/turn               f - +4 ring of evasion
MPRegen 0.10/turn               d - ring of protection from fire

@: paralysed, appendages (expiring), gold aura
A: horns 2, talons 2, large, unfitting armour, claws 3, regeneration 1, shaggy
fur 1, tough skin 1
a: End Transformation, Renounce Religion, Potion Petition, Call Merchant, Bribe
Branch


You were on level 5 of the Dungeon.
You worshipped Gozag.
Gozag was aware of your devotion.
You had temporarily grown beastly horns and talons.
You visited 1 branch of the dungeon, and saw 5 of its levels.

You collected 309 gold pieces.
You paid 42 gold pieces to Gozag.

Inventory:

Missiles
 h - 3 silver javelins
Armour
 a - a +0 robe (worn)
Magical Staves
 r - a staff of death
 u - a staff of cold
Jewellery
 d - a ring of protection from fire (right claw)
 f - a +4 ring of evasion (left claw)
 l - an amulet of regeneration (around neck)
Wands
 v - a wand of paralysis (13)
Scrolls
 c - 5 scrolls of identify
 g - a scroll of teleportation
 i - a scroll of amnesia
 s - a scroll of enchant weapon
Potions
 b - 2 potions of lignification
 e - 4 potions of curing
 j - a potion of heal wounds {unknown}
 k - 2 potions of attraction {unknown}
 m - 2 potions of cancellation
 n - 2 potions of flight
 o - a potion of experience {unknown}
 p - 2 potions of brilliance
 q - a potion of mutation {unknown}
 t - 2 potions of ambrosia {unknown}


   Skills:
 - Level 0.7 Fighting
 + Level 4.5 Dodging
 + Level 7.3 Unarmed Combat
 - Level 1.2 Spellcasting
 - Level 1.3 Transmutations


You had 3 spell levels left.
You knew the following spells:

 Your Spells              Type           Power      Damage    Failure   Level
a - Beastly Appendage     Tmut           6%         N/A       21%         1
b - Ice Form              Ice/Tmut       1%         N/A       95%         4

Your spell library contained the following spells:

 Spells                   Type           Power      Damage    Failure   Level
 Wereblood                Tmut           3%         N/A       30%         2
 Spider Form              Tmut/Pois      1%         N/A       63%         3
 Iskenderun's Battlesphe  Conj           0%         2d6       100%        5
 Iron Shot                Conj/Erth      0%         9d1       100%        6
 Spellforged Servitor     Conj/Summ      0%         N/A       100%        7


Dungeon Overview and Level Annotations

Branches:
Dungeon (5/15)
 Temple: D:4-7

Altars:
Gozag
Hepliaklqana
Uskayaw
Vehumet

Shops:
D:4 (

Annotations:
D:5 Grinder


Innate Abilities, Weirdness & Mutations

You have temporarily grown beastly horns and talons.
You are too large for most types of armour.
You have claws for hands.
Your natural rate of healing is unusually fast.
You are covered in fur. (AC +1)
You have tough skin. (AC +1)


Message History

The jackal bites you.
The jackal bites you but does no damage.
The jackal bites you but does no damage.
The jackal closely misses you.
You mangle the jackal!!
You kill the jackal!
The gnoll hits you from afar with a +0 halberd.
You see here 7 gold pieces.
You claw the black bear! x2
You kill the black bear!
Casting: Beastly Appendage (safe; 21% risk of failure)
Confirm with . or Enter, or press ? or * to list all spells.
You grow a pair of large bovine horns.
Your feet morph into talons.
The gnoll barely misses you. The gnoll hits you with a +0 halberd!
You scratch the gnoll but do no damage. The gnoll hits you with a +0 halberd.
You mangle the gnoll!!
You kill the gnoll!
Your transformation is almost over.
Grinder says, "Are you a fish?" Grinder gestures at you.
You struggle to resist.
You barely miss the ice beast. Your kick misses the ice beast.
Your headbutt misses the ice beast. You claw the ice beast!
The ice beast is heavily wounded.
The ice beast hits you. The ice beast freezes you!
Grinder blinks!
You scratch the ice beast. Your headbutt misses the ice beast.
The ice beast is heavily wounded.
Grinder gestures at you.
You suddenly lose the ability to move!
The ice beast hits you but does no damage.
The ice beast hits you. The ice beast freezes you! Grinder hits you.
The ice beast hits you but does no damage.
Grinder hits you. The ice beast hits you. The ice beast freezes you!
* * * LOW HITPOINT WARNING * * *
Grinder gestures at you. Pain shoots through your body!
You die...
Your body crumbles into a pile of gold.

#...................~..
#......Y............≈≈
##.....gh...........~≈
##........###########~.
##..#......# ≈.
########..........# #..#
..............$##############..#
.............#.Y.##............#
...####......###@5#.#..........##
.. #.....#.#.#.#.#.#.#.#.#.#.#
#.........[................
#.....#.#.#.#.#.#.#.#.#.#.#
######.....................
##.#.#.#.#.#.#.#.#.#<#
####....#...<....####
#....###........ ######
##########


You could see Grinder and an ice beast.

Vanquished Creatures
  Eustachio (D:5)
  An ice beast (D:5)
  A black bear (D:5)
  A phantom (D:4)
  A necrophage (D:5)
  2 hounds (D:5)
  A gnoll bouda (D:4)
  An orc wizard (D:4)
  Natasha (twice) (D:4)
  4 gnolls
  5 adders
  A shadow imp (D:5)
  3 worms
  9 orcs (D:4)
  A ball python (D:1)
  4 endoplasms
  4 giant cockroaches
  9 goblins
  7 hobgoblins
  A jackal (D:5)
  A quokka (D:3)
  4 bats
  2 frilled lizards
  4 kobolds
  A rat (D:3)
71 creatures vanquished.

Notes
Turn   | Place    | Note
-------+----------+-------------------------------------------
     0 | D:1      | Doomgape the Troll Transmuter began the quest for the Orb.
     0 | D:1      | Reached XP level 1. HP: 18/18 MP: 1/1
   180 | D:1      | Reached XP level 2. HP: 24/26 MP: 2/2
   741 | D:2      | Found a hide-covered altar of Uskayaw.
   770 | D:2      | Reached skill level 4 in Unarmed Combat
   852 | D:2      | Reached XP level 3. HP: 32/32 MP: 3/3
  1131 | D:2      | Found a faded altar of an unknown god.
  1512 | D:3      | Found a hazy altar of Hepliaklqana.
  1573 | D:3      | Found a radiant altar of Vehumet.
  1797 | D:3      | Reached skill level 5 in Unarmed Combat
  1797 | D:3      | Reached XP level 4. HP: 40/40 MP: 4/4
  2169 | D:4      | Found an opulent altar of Gozag.
  2205 | D:4      | Became a worshipper of Gozag Ym Sagoz the Greedy
  2274 | D:4      | Reached XP level 5. HP: 46/46 MP: 5/5
  2322 | D:4      | Noticed Natasha
  2327 | D:4      | Killed Natasha
  2343 | D:4      | Found Ucyck's Antique Weapon Shop.
  2473 | D:4      | Noticed Natasha
  2477 | D:4      | Killed Natasha
  2520 | D:4      | Noticed a phantom
  2533 | D:4      | Killed a phantom
  2534 | D:4      | Reached skill level 6 in Unarmed Combat
  2578 | D:4      | Reached XP level 6. HP: 27/54 MP: 6/6
  2623 | D:4      | Learned a level 4 spell: Ice Form
  2793 | D:5      | Entered Level 5 of the Dungeon
  2813 | D:5      | Noticed an ice beast
  2826 | D:5      | Killed an ice beast
  2827 | D:5      | Reached XP level 7. HP: 37/61 MP: 5/7
  2863 | D:5      | Noticed Eustachio
  2870 | D:5      | Killed Eustachio
  2871 | D:5      | Reached skill level 7 in Unarmed Combat
  2892 | D:5      | Noticed Grinder
  2923 | D:5      | Paralysed by Grinder for 4 turns
  2926 | D:5      | Killed from afar by Grinder

Illustrated notes

Levels and vault maps discovered:
D:1:      roderic_dead_forest, layout_basic, serial_curves, eino_curves_02,
          eino_curves_03
D:2:      layout_loops_ring, basic_altar, ebering_ecumenical_altar_abandoned
D:3:      layout_loops_ring, mainiacjoe_overflow_chevrons,
          lemuel_coloured_pillars_altar, eino_curves_03, serial_park_tiny_1
D:4:      layout_loops_ring, mainiacjoe_overflow_boulevard, serial_shops, shop,
          uniq_natasha
D:5:      layout_basic, tgw_xom, serial_rivers, chequers_serial_rivers_small_a,
          chequers_serial_rivers_marsh, chequers_serial_rivers_micro_e,
          chequers_serial_rivers_micro_b, chequers_serial_rivers_micro_b,
          st_stairs_13, uniq_grinder, uniq_eustachio

Skill      XL: |  1  2  3  4  5  6  7 |
---------------+----------------------+-----
Unarmed Combat | 4 5 6 7 |  7.3
Dodging        | 2 3 4 |  4.5
Fighting       | |  0.7
Spellcasting   | |  1.2
Transmutations | |  1.3

Action                   |  1- 3 |  4- 6 |  7- 9 || total
-------------------------+-------+-------+-------++-------
Melee: Unarmed           |    96 |   103 |    14 ||   213
       Punch             |     3 |     6 |     3 ||    12
       Kick              |       |     1 |     2 ||     3
 Cast: Beastly Appendage |       |     1 |     1 ||     2
Evoke: Wand              |       |       |     1 ||     1
  Use: Scroll            |       |    12 |       ||    12
 Stab: Paralysed         |       |       |     2 ||     2
Armor: Robe              |    29 |    16 |     4 ||    49
Dodge: Dodged            |    78 |    60 |     7 ||   145
